 Dungeon Crawl Stone Soup version 0.25-a0-21-ga5a8db46c7 (webtiles) character file.

Game seed: 11272169362148685187, levelgen mode: deterministic

2380716 Mort the Conqueror (level 27, 178/199 HPs)
             Began as a Gargoyle Monk on Oct 14, 2019.
             Was the Champion of Okawaru.
             Escaped with the Orb
             ... and 4 runes on Oct 16, 2019!
             The game lasted 04:57:31 (69271 turns).

Mort the Conqueror (Gargoyle Monk)                 Turns: 69271, Time: 04:57:31

Health: 178/199    AC: 68    Str: 24      XL:     27
Magic:  34/35      EV: 22    Int: 24 (25) God:    Okawaru [******]
Gold:   4692       SH: 36    Dex: 12      Spells: 40/50 levels left

rFire    + + +     SeeInvis +   F - +9 eveningstar (freeze)
rCold    + . .     Gourm    .   K - +10 large shield of Ignorance {rN+ Int-4}
rNeg     + + +     Faith    .   U - +9 scales of the Dragon King {rPois rF+ rC+ MR+}
rPois    ∞         Spirit   .   T - +2 helmet of Indecent Exposure {+Inv rCorr}
rElec    +         Reflect  .   d - +0 cloak "Xiyf" {MR+ Regen+}
rCorr    +         Harm     .   B - +2 pair of gloves of Ciysohas {rF+ Int+6}
MR       +++++                  t - +1 pair of boots of the Invisible Hand {rN+ Str+4 SInv}
Stlth    ..........             f - amulet of Beogh's Envy {rPois rF+ rN+ MR+ Regen+}
HPRegen  1.63/turn              E - ring of Cyekh {EV+3 Str+4}
MPRegen  0.24/turn              X - +6 ring of evasion

@: heroism, finesse, sap magic, flying
A: big wings, fire resistance 1, low mp 1, negative energy resistance 1,
regeneration 1, electricity resistance, unbreathing, evolution 1, petrification
resistance, rot immunity, AC +20
0: Orb of Zot
}: 4/15 runes: decaying, slimy, silver, gossamer
a: Stop Flying, Heroism, Finesse, Renounce Religion, Evoke Invisibility


You escaped.
You worshipped Okawaru.
Okawaru was exalted by your worship.
You were very full.

You visited 10 branches of the dungeon, and saw 54 of its levels.
You visited the Abyss 1 time.
You also visited: Gauntlet and Wizlab.

You collected 9434 gold pieces.
You spent 4742 gold pieces at shops.

Inventory:

Hand Weapons
 j - the +6 hand crossbow "Orghauf" {flame, rF+ Int+3 Dex+3}
   (You found it on level 5 of the Pits of Slime)

   It causes projectiles fired from it to burn those they strike, causing extra
   injury to most foes and up to half again as much damage against particularly
   susceptible opponents.
   It affects your intelligence (+3).
   It affects your dexterity (+3).
   It protects you from fire.
 F - a +9 eveningstar of freezing (weapon)
 Z - the +6 eveningstar "Feitaik" {drain, rF+ Dex+2}
   (You acquired it on level 4 of the Swamp)

   A truly terrible weapon, it drains the life of those it strikes.
   It affects your dexterity (+2).
   It protects you from fire.
Missiles
 m - 2064 bolts
 y - 2 throwing nets (quivered)
Armour
 d - the +0 cloak "Xiyf" (worn) {MR+ Regen+}
   (You found it on level 14 of the Dungeon)

   It affects your resistance to hostile enchantments.
   It increases your rate of regeneration.
 t - the +1 pair of boots of the Invisible Hand (worn) {rN+ Str+4 SInv}
   (Okawaru gifted it to you on level 5 of the Depths)

   It affects your strength (+4).
   It protects you from negative energy.
   It lets you see invisible.
 v - the +2 shield of Resistance {rF+ rC+ MR+}
   (Okawaru gifted it to you on level 1 of the Depths)

   It protects you from fire.
   It protects you from cold.
   It affects your resistance to hostile enchantments.
 A - a scarf of cloud immunity
 B - the +2 pair of gloves of Ciysohas (worn) {rF+ Int+6}
   (Okawaru gifted it to you on level 3 of the Elven Halls)

   It affects your intelligence (+6).
   It protects you from fire.
 K - the +10 large shield of Ignorance (worn) {rN+ Int-4}
   (You acquired it on level 2 of the Orcish Mines)

   It affects your intelligence (-4).
   It protects you from negative energy.
 T - the +2 helmet of Indecent Exposure (worn) {+Inv rCorr}
   (You found it on level 1 of the Orcish Mines)

   It lets you turn invisible.
   It provides partial protection from all sources of acid and corrosion.
 U - the +9 scales of the Dragon King (worn) {rPois rF+ rC+ MR+}
   (You bought it in a shop on level 3 of the Vaults)

   It protects you from fire.
   It protects you from cold.
   It protects you from poison.
   It affects your resistance to hostile enchantments.
Jewellery
 f - the amulet of Beogh's Envy (around neck) {rPois rF+ rN+ MR+ Regen+}
   (You found it on level 1 of the Orcish Mines)

   [amulet of regeneration]

   It protects you from fire.
   It protects you from poison.
   It protects you from negative energy.
   It affects your resistance to hostile enchantments.
   It increases your rate of regeneration.
 E - the ring of Cyekh (left hand) {EV+3 Str+4}
   (You found it in a Gauntlet)

   [ring of evasion]

   It affects your evasion (+3).
   It affects your strength (+4).
 M - an uncursed ring of protection from magic
 W - an uncursed ring of protection from cold
 X - a +6 ring of evasion (right hand)
Wands
 b - a wand of clouds (5)
 k - a wand of iceblast (28)
 o - a wand of acid (21)
 w - a wand of digging (10)
 J - a wand of scattershot (10)
 R - a wand of paralysis (24)
Scrolls
 g - 9 scrolls of blinking
 h - 4 scrolls of magic mapping
 l - 20 scrolls of remove curse
 n - 8 scrolls of fog
 p - 11 scrolls of enchant armour
 r - 2 scrolls of noise
 s - 15 scrolls of teleportation
 G - a scroll of enchant weapon
 H - 11 scrolls of fear
 N - 3 scrolls of silence
 O - a scroll of immolation
 S - 6 scrolls of identify
 Y - a scroll of summoning
Potions
 a - a potion of resistance
 e - a potion of brilliance
 i - 3 potions of agility
 q - 12 potions of heal wounds
 u - 5 potions of cancellation
 x - 7 potions of ambrosia
 z - 6 potions of might
 C - 6 potions of mutation
 D - a potion of berserk rage
 I - 4 potions of invisibility
 L - 21 potions of curing
 P - 5 potions of magic
 Q - 8 potions of haste
Miscellaneous
 V - a phial of floods
Comestibles
 c - 78 rations


   Skills:
 O Level 27 Fighting
 - Level 16.0(21.0) Maces & Flails
 - Level 20.0(25.0) Armour
 - Level 10.0(15.0) Dodging
 - Level 2.1(7.1) Stealth
 O Level 27 Shields
 - Level 12.0 Spellcasting
 - Level 8.0 Charms
 - Level 6.0 Summonings
 - Level 8.0 Necromancy
 - Level 7.1 Translocations
 - Level 5.0 Air Magic
 + Level 13.6 Invocations
 - Level 3.1 Evocations


You had 40 spell levels left.
You knew the following spells:

 Your Spells              Type           Power        Failure   Level  Hunger
a - Summon Butterflies    Summ           #####...     3%          1    None
b - Song of Slaying       Chrm           ######..     2%          2    None
c - Swiftness             Chrm/Air       #####...     4%          2    None
d - Regeneration          Chrm/Necr      ######....   4%          3    None
e - Blink                 Tloc           N/A          3%          2    None

Your spell library contained the following spells:

 Spells                   Type           Power        Failure   Level  Hunger
 Animate Skeleton         Necr           N/A          1%          1    None
 Infusion                 Chrm           ####         1%          1    None
 Pain                     Necr           ####         1%          1    None
 Apportation              Tloc           #####.       2%          1    None
 Shroud of Golubria       Chrm/Tloc      ######       2%          2    None
 Summon Small Mammal      Summ           ####         3%          1    None
 Vampiric Draining        Necr           ######....   4%          3    None
 Call Imp                 Summ           #####...     5%          2    None
 Gell's Gravitas          Tloc           #####.....   7%          3    None
 Lesser Beckoning         Tloc           #####.....   7%          3    None
 Teleport Other           Tloc           #####...     7%          3    None
 Recall                   Summ/Tloc      N/A          9%          3    None
 Call Canine Familiar     Summ           #####...     11%         3    None
 Shock                    Conj/Air       ####         14%         1    None
 Animate Dead             Necr           N/A          16%         4    None
 Poisonous Vapours        Pois/Air       ####..       22%         2    None
 Ozocubu's Armour         Chrm/Ice       ####....     24%         3    None
 Spectral Weapon          Hex/Chrm       ####....     24%         3    None
 Portal Projectile        Hex/Tloc       ####..       28%         3    None
 Summon Guardian Golem    Hex/Summ       ####....     34%         3    None
 Beastly Appendage        Tmut           ##....       38%         1    None
 Confusing Touch          Hex            ##....       38%         1    None
 Corona                   Hex            ##.....      38%         1    None
 Freeze                   Ice            ##..         38%         1    None
 Sandblast                Erth           ##....       38%         1    None
 Sting                    Conj/Pois      ##..         38%         1    None
 Summon Lightning Spire   Summ/Air       #####...     38%         4    None
 Static Discharge         Conj/Air       ####....     41%         3    None
 Ensorcelled Hibernation  Hex/Ice        ##....       52%         2    None
 Passwall                 Tmut/Erth      ##......     52%         2    None
 Slow                     Hex            ##......     52%         2    None
 Sticks to Snakes         Tmut           ##......     52%         2    None
 Throw Flame              Conj/Fire      ##....       52%         2    None
 Throw Frost              Conj/Ice       ##....       52%         2    None
 Mephitic Cloud           Conj/Pois/Air  ###.....     52%         3    None
 Summon Forest            Summ/Tloc      #####.....   61%         5    ###....
 Force Lance              Conj/Tloc      ####....     67%         4    None
 Aura of Abjuration       Summ           #####.....   67%         5    ###....
 Summon Demon             Summ           #####.....   67%         5    ###....
 Summon Ice Beast         Ice/Summ       ####....     75%         4    None
 Confuse                  Hex            ##......     77%         3    None
 Conjure Flame            Conj/Fire      ##......     77%         3    None
 Dazzling Spray           Conj/Hex       ##....       77%         3    None
 Ignite Poison            Fire/Tmut/Pois ##......     77%         3    None
 Inner Flame              Hex/Fire       ##......     77%         3    None
 Spider Form              Tmut/Pois      ##........   77%         3    None
 Stone Arrow              Conj/Erth      ##....       77%         3    None
 Tukima's Dance           Hex            ##......     77%         3    None
 Borgnjor's Vile Clutch   Necr/Erth      ####......   91%         5    ###....
 Iskenderun's Battlesphe  Conj/Chrm      ####....     91%         5    ###....
 Summon Mana Viper        Hex/Summ       ####....     97%         5    ###....
 Dispersal                Tloc           #####.....   98%         6    #####..
 Cause Fear               Hex            ##........   99%         4    None
 Ice Form                 Ice/Tmut       ##......     99%         4    None
 Leda's Liquefaction      Hex/Erth       ##........   99%         4    None
 Olgreb's Toxic Radiance  Pois           ##......     99%         4    None
 Petrify                  Tmut/Erth      ##......     99%         4    None
 Throw Icicle             Conj/Ice       ##......     99%         4    None
 Lightning Bolt           Conj/Air       ####......   99%         5    ###....
 Silence                  Hex/Air        ####......   99%         5    ###....
 Deflect Missiles         Chrm/Air       #####.....   99%         6    #####..
 Shadow Creatures         Summ           N/A          99%         6    #####..
 Blade Hands              Tmut           ##........   100%        5    ###....
 Bolt of Magma            Conj/Fire/Erth ##........   100%        5    ###....
 Fireball                 Conj/Fire      ##........   100%        5    ###....
 Lee's Rapid Deconstruct  Erth           ##........   100%        5    ###....
 Metabolic Englaciation   Hex/Ice        ##........   100%        5    ###....
 Venom Bolt               Conj/Pois      ##........   100%        5    ###....
 Yara's Violent Unravell  Hex/Tmut       ##........   100%        5    ###....
 Bolt of Fire             Conj/Fire      ##........   100%        6    #####..
 Conjure Ball Lightning   Conj/Air       ####......   100%        6    #####..
 Darkness                 Hex            ##........   100%        6    #####..
 Freezing Cloud           Conj/Ice/Air   ###.......   100%        6    #####..
 Hydra Form               Tmut           ##........   100%        6    #####..
 Iron Shot                Conj/Erth      ##........   100%        6    #####..
 Malign Gateway           Summ/Tloc      #####.....   100%        7    ######.
 Monstrous Menagerie      Summ           #####.....   100%        7    ######.
 Orb of Destruction       Conj           ##........   100%        7    ######.
 Ring of Flames           Chrm/Fire      ####......   100%        7    ######.
 Spellforged Servitor     Conj/Summ      ####......   100%        7    ######.
 Summon Greater Demon     Summ           #####.....   100%        7    ######.
 Controlled Blink         Tloc           N/A          100%        8    #######
 Discord                  Hex            ##........   100%        8    #######
 Disjunction              Tloc           #####.....   100%        8    #######
 Ignition                 Fire           ##........   100%        8    #######
 Summon Horrible Things   Summ           #####.....   100%        8    #######
 Dragon's Call            Summ           #####.....   100%        9    #######
 Shatter                  Erth           ##........   100%        9    #######
 Tornado                  Air            #####.....   100%        9    #######
 Passage of Golubria      Tloc           Unusable     N/A         4    N/A
 Statue Form              Tmut/Erth      Unusable     N/A         6    N/A

Dungeon Overview and Level Annotations

Branches:
Dungeon (15/15)            Temple (0/1) D:7            Lair (6/6) D:10
  Swamp (4/4) Lair:4       Spider (4/4) Lair:3        Slime (5/5) Lair:6
    Orc (2/2) D:10            Elf (3/3) Orc:2        Vaults (5/5) D:14
  Crypt (0/3) Vaults:3     Depths (5/5) D:15            Zot (5/5) Depths:5
 WizLab (visited)         Gauntlet (visited)

Altars:
Elyvilon
Gozag
Kikubaaqudgha
Makhleb
Nemelex Xobeh
Okawaru
Ru
Sif Muna
Trog
Xom
Zin
Beogh
Lugonu

Shops:
D:5 =*   Orc:2 [==}(   Elf:1 ==}   Elf:2 *   Vaults:2 =   Vaults:3 [
Depths:2 %(*(   Depths:3 *

Portals:
Hell: Depths:1 Depths:2 Depths:3 Depths:4 Depths:5
Abyss: Depths:1 Depths:4
Pandemonium: Depths:3
Ziggurat: Depths:5
Trove: Elf:2 (give +6 demon trident)

Annotations:
Zot:4 exclusion: 4 oklob plants
Zot:5 exclusion: 2 upstairs


Innate Abilities, Weirdness & Mutations

You are resistant to torment.
Your stone body is resilient. (AC +20)
You are immune to poison.
Your large and strong wings let you fly indefinitely.
You resist negative energy. (rN+)
You are resistant to electric shocks. (rElec)
You can survive without breathing.
You are immune to petrification.
You are immune to rotting.
Your flesh is heat resistant. (rF+)
Your magical capacity is low. (-10% MP)
Your natural rate of healing is unusually fast.
You evolve.


Message History

You flatten the eldritch tentacle like a pancake!!!
The eldritch tentacle is almost destroyed.
You block the eldritch tentacle's attack. x2
You puncture the eldritch tentacle!
With a roar, the tentacle is hauled back through the portal!
There is a staircase leading out of the dungeon here.
Unknown command.
Unknown command.
Unknown command.
Unknown command.
Describe a (M)onster, (S)pell, s(K)ill, (A)bility, (C)ard, (I)tem, (F)eature, (G)od, (B)ranch, c(L)oud or s(T)atus?
Describe a spell; partial names and regexps are fine.
Describe what?
Okay, then.
Describe a (M)onster, (S)pell, s(K)ill, (A)bility, (C)ard, (I)tem, (F)eature, (G)od, (B)ranch, c(L)oud or s(T)atus?
Okay, then.
Describe a (M)onster, (S)pell, s(K)ill, (A)bility, (C)ard, (I)tem, (F)eature, (G)od, (B)ranch, c(L)oud or s(T)atus?
Describe a status; partial names and regexps are fine.
Describe what? sap Describe a (M)onster, (S)pell, s(K)ill, (A)bility, (C)ard, (I)tem, (F)eature, (G)od, (B)ranch, c(L)oud or s(T)atus?
Okay, then.
You have escaped!

....##.####≈≈≈≈≈≈.≈≈≈#..#######.#
....##.###≈≈≈≈≈≈.≈≈≈≈≈........[.#
....##.##≈≈≈≈≈≈≈.≈≈≈≈≈≈..........
.......#≈≈≈8≈≈≈≈≈.≈≈8≈≈≈#########
#.......≈≈≈≈≈≈≈≈≈≈.≈≈≈≈≈.....#
#.......≈≈≈≈≈≈≈≈≈≈.≈≈≈≈≈.###.###
#.......≈≈≈≈≈≈≈≈≈≈.≈≈≈≈≈.# #...#
###.###.≈≈≈≈≈≈≈>..≈≈≈≈≈≈.# ###.##
# #.# #.≈≈≈≈≈≈..@≈≈≈≈≈≈≈.#####...
# #.# #.≈≈≈≈≈.≈≈≈≈≈≈≈≈≈≈........#
# #.# #.≈≈≈≈≈.≈≈≈≈≈≈≈≈≈≈.######.#
###.# #.≈≈≈≈≈.≈≈≈≈≈≈≈≈≈≈## #.#
.##.# #.≈≈≈8≈≈.≈≈≈≈≈8≈≈≈# #.#
.##.###..≈≈≈≈≈≈.≈≈≈≈≈≈≈## #.#
..#.......≈≈≈≈≈.≈≈≈≈≈≈#########.#
#.######..#≈≈≈.≈≈≈≈≈≈...........#
#..# #..###....#.##.###########


There were no monsters in sight!

Vanquished Creatures
  the Royal Jelly (Slime:5)
  6 orbs of fire
  4 ancient liches
  A juggernaut (Depths:1)
  The ghost of Huxihurch the Portalist, a legendary HaWr of Wu Jian (Zot:2)
  the Lernaean hydra (Swamp:4)
  Bai Suzhen (Swamp:4)
  Margery (Depths:4)
  4 Killer Klowns
  2 curse toes (Zot:5)
  A bone dragon (Abyss:2)
  8 golden dragons
  Arachne (Spider:4)
  A Brimstone Fiend (Zot:2)
  5 liches
  A pandemonium lord (D:1)
  2 electric golems (Zot:5)
  17 tentacled monstrosities
  Rupert (Lair:3)
  26 Orb Guardians
  Asterion (Elf:2)
  An Executioner (D:3)
  3 quicksilver dragons
  9 titans
  22 acid blobs
  4 deep elf blademasters (Elf:3)
  A deep elf master archer (Elf:3)
  Frances (Swamp:1)
  An eldritch tentacle (D:1)
  2 death cobs (Zot:1)
  2 thorn hunters
  An ancient champion (WizLab)
  5 sphinxes
  7 shadow dragons
  Gastronok (Lair:3)
  11 azure jellies (Slime:5)
  4 draconian monks
  4 tengu reavers
  Kirke (Swamp:4)
  18 storm dragons
  10 draconian knights
  10 draconian scorchers
  5 ghost moths
  7 frost giants
  12 deep elf sorcerers
  Aizul (Swamp:4)
  4 orc warlords
  17 fire giants
  An iron dragon (Depths:5)
  11 vault wardens
  4 deep elf elementalists
  7 draconian shifters
  4 spriggan defenders
  5 emperor scorpions
  A ghoul (Vaults:4)
  Louise (Swamp:1)
  10 ironheart preservers
  4 vampire knights
  5 draconian stormcallers
  30 very ugly things
  A war gargoyle (Vaults:5)
  7 draconian annihilators
  18 stone giants
  6 entropy weavers
  Nessos (D:14)
  6 white draconians
  10 green draconians
  8 deep elf demonologists
  The ghost of lis82 the Thaumaturge, a journeyman DgFE (D:13)
  Azrael (D:13)
  8 deep elf annihilators
  11 black draconians
  9 purple draconians
  7 red draconians
  9 yellow draconians
  The ghost of topfpfpflanze the Nimble, a journeyman TrEE of Kikubaaqudgha (Orc:1)
  A minotaur (Gauntlet)
  3 spark wasps
  4 deep elf death magi
  2 blizzard demons
  A merfolk impaler (Depths:4)
  6 deep elf high priests
  21 ettins
  7 death oozes
  Josephine (Swamp:1)
  11 fire dragons
  7 jiangshi
  14 ogre magi
  22 yaktaur captains
  12 great orbs of eyes
  10 ice dragons
  A hell beast (Depths:5)
  15 hydras
  10 rakshasas
  4 spriggan air magi
  Erolcha (D:10)
  2 catoblepae (Lair:6)
  36 vault guards
  2 naga warriors (Abyss:2)
  3 death knights
  5 alligators
  6 centaur warriors
  33 dancing weapons
  13 deep troll shamans
  A two-headed ogre (shapeshifter) (Vaults:5)
  Erica (D:9)
  41 two-headed ogres
  2 tengu warriors
  Urug (Lair:4)
  7 spriggan berserkers
  A shock serpent (shapeshifter) (Vaults:4)
  11 death yaks
  13 deep troll earth magi
  A titan zombie (Depths:4)
  6 vampire magi
  3 orc high priests (Orc:2)
  15 deep elf knights
  6 hell knights
  A soul eater (Depths:3)
  8 spriggans
  2 wretched stars (Abyss:2)
  A storm dragon zombie (Vaults:5)
  2 shadow wraiths (Vaults:1)
  A death drake (Gauntlet)
  5 iron trolls
  6 skeletal warriors
  A spatial maelstrom (Abyss:2)
  A storm dragon skeleton (Vaults:5)
  3 flayed ghosts
  2 spriggan druids (Swamp:3)
  A death drake (shapeshifter) (Vaults:5)
  21 deep trolls
  6 glowing orange brains
  20 ironbrand convokers
  4 unseen horrors
  A lindwurm (Lair:6)
  2 obsidian statues
  9 swamp dragons
  A tengu zombie (Depths:4)
  6 necromancers
  An orb spider (shapeshifter) (Depths:1)
  12 wizards
  4 harpies (Vaults:5)
  13 deep elf archers
  7 phantasmal warriors
  10 orb spiders
  2 stone giant zombies
  16 orc knights
  A manticore (D:14)
  49 ugly things
  2 shining eyes
  4 cyclopes
  60 deep elf magi
  31 wolf spiders
  10 orc sorcerers
  A shadow dragon skeleton (Depths:4)
  A salamander (shapeshifter) (Depths:1)
  A frost giant skeleton (Vaults:5)
  6 oklob plants (Zot:4)
  An elephant (shapeshifter) (Vaults:5)
  A spriggan zombie (Depths:4)
  2 guardian serpents (shapeshifter)
  6 large abominations
  2 elephants (Lair:6)
  22 moths of wrath
  A guardian serpent (Abyss:2)
  3 black mambas
  A water nymph (shapeshifter) (Vaults:1)
  10 vault sentinels
  A stone giant skeleton (Vaults:5)
  2 titan simulacra
  14 spiny frogs
  A dire elephant skeleton (Abyss:2)
  An orange demon (Depths:3)
  A yaktaur (shapeshifter) (Vaults:2)
  3 kobold demonologists
  A yaktaur zombie (Vaults:5)
  11 freezing wraiths
  A komodo dragon (shapeshifter) (Vaults:4)
  8 komodo dragons
  2 rime drakes
  58 yaktaurs
  2 hellwings
  A red devil (Depths:5)
  An ice devil (Depths:3)
  12 starcursed masses
  2 ancient zymes
  A meliai (shapeshifter) (Vaults:5)
  12 tyrant leeches
  3 meliai (D:14)
  7 trolls
  15 demonic crawlers
  23 jumping spiders
  A jumping spider (shapeshifter) (Depths:2)
  A queen bee (shapeshifter) (Vaults:3)
  A spectral harpy (Gauntlet)
  A polar bear (Lair:6)
  A tengu simulacrum (Vaults:5)
  4 raiju (Abyss:3)
  7 tengu conjurers
  14 hornets
  A raiju (shapeshifter) (Depths:4)
  An ettin zombie (Vaults:5)
  A spectral meliai (Gauntlet)
  A harpy skeleton (D:14)
  83 slime creatures
  10 bog bodies
  4 blink frogs (Lair:6)
  9 hippogriffs
  4 flying skulls (Depths:5)
  81 redbacks
  3 vampires (WizLab)
  9 wraiths
  3 centaur simulacra
  10 water elementals
  3 air elementals
  6 wyverns
  A ynoxinul (Abyss:2)
  29 tarantellas
  2 shadows
  Grum (D:9)
  5 fire elementals
  11 golden eyes
  3 basilisks
  2 hogs (Swamp:4)
  2 neqoxecs (Abyss:2)
  45 yaks
  A hog (shapeshifter) (Depths:1)
  3 hungry ghosts
  A chaos spawn (Abyss:2)
  A human simulacrum (Vaults:2)
  2 steam dragons
  6 vampire mosquitoes
  2 soldier ants
  22 swamp worms
  8 wargs
  2 spatial vortices (Abyss:2)
  9 insubstantial wisps
  An acid dragon (D:13)
  A naga (shapeshifter) (Depths:2)
  11 water moccasins
  4 two-headed ogre zombies (WizLab)
  2 floating eyes
  7 hell hounds
  9 porcupines
  14 swamp drakes
  A deep troll skeleton (Vaults:5)
  45 orc warriors
  4 sky beasts
  4 black bears
  An eye of draining (shapeshifter) (Vaults:4)
  An ice beast (D:7)
  A phantom (D:5)
  An ettin simulacrum (Vaults:5)
  An orc zombie (Vaults:1)
  5 eyes of draining
  40 ogres
  12 boggarts
  12 wolves
  4 human skeletons
  13 centaurs
  10 crocodiles
  A human zombie (Vaults:1)
  6 small abominations
  5 big kobolds
  25 bullfrogs
  Blork the orc (D:6)
  An earth elemental (Elf:3)
  8 scorpions
  8 troll zombies (WizLab)
  6 killer bees (D:12)
  8 wights
  3 howler monkeys
  5 electric eels
  A bullfrog zombie (D:8)
  3 crimson imps
  3 centaur zombies
  A lava snake (D:7)
  A quasit (D:13)
  A wyvern simulacrum (Gauntlet)
  10 hounds
  23 orc priests
  10 jellies
  A bullfrog skeleton (D:4)
  An iron imp (Abyss:2)
  5 centaur skeletons
  25 orc wizards
  9 worker ants
  6 ogre zombies (WizLab)
  A hound zombie (D:9)
  4 hound skeletons
  2 worker ant zombies
  Robin (D:1)
  11 adders
  10 gnolls
  A howler monkey skeleton (D:10)
  A shadow imp (D:6)
  6 oozes
  An adder skeleton (D:5)
  3 dart slugs
  8 leopard geckos
  108 orcs
  7 bats
  5 giant cockroaches
  13 goblins
  8 hobgoblins
  7 jackals
  4 quokkas
  4 ball pythons
  3 frilled lizards
  21 kobolds
  A quokka skeleton (D:7)
  7 rats
  2 briar patches
  2 bushes
  4 crawling corpses
  2 plants
2411 creatures vanquished.

Vanquished Creatures (others)
  An entropy weaver (Spider:1)
  A red draconian (Zot:4)
  A hydra (Swamp:4)
  An alligator (Swamp:2)
  A deep elf mage (Elf:2)
  A necromancer (Depths:1)
  A yaktaur (Vaults:5)
  A tarantella (Spider:2)
  2 humans (Swamp:4)
  A swamp drake (Swamp:4)
  An ogre (Depths:3)
  An orc wizard (Orc:2)
  An ufetubus (D:15)
  3 orcs
  A goblin (D:2)
  A quokka (D:5)
  3 kobolds (D:14)
  A briar patch (Swamp:2)
  13 bushes
  14 fungi
  14 plants
  8 withered plants (Gauntlet)
72 creatures vanquished.

Grand Total: 2483 creatures vanquished

Notes
Turn   | Place    | Note
-------+----------+-------------------------------------------
     0 | D:1      | Mort the Gargoyle Monk began the quest for the Orb.
     0 | D:1      | Reached XP level 1. HP: 14/14 MP: 1/1
   488 | D:1      | Reached XP level 2. HP: 20/20 MP: 2/2
  1074 | D:2      | Noticed Robin
  1218 | D:2      | Reached XP level 3. HP: 21/24 MP: 3/3
  1222 | D:2      | Upgraded the game from 0.25-a0-2-g6559c6c67a to
                  | 0.25-a0-10-g2fe12d4386
  1884 | D:1      | Killed Robin
  1884 | D:1      | Reached XP level 4. HP: 25/30 MP: 4/4
  1996 | D:2      | Reached skill level 5 in Fighting
  2574 | D:2      | Reached XP level 5. HP: 11/35 MP: 5/5
  3027 | D:3      | Found an iron altar of Okawaru.
  3132 | D:3      | Found a faded altar of an unknown god.
  3291 | D:2      | Reached XP level 6. HP: 29/41 MP: 6/6
  3887 | D:3      | Reached skill level 5 in Maces & Flails
  4511 | D:3      | Found an ancient bone altar of Kikubaaqudgha.
  4728 | D:3      | Became a worshipper of Warmaster Okawaru
  4728 | D:3      | Reached * piety under Okawaru
  4728 | D:3      | Reached ** piety under Okawaru
  5125 | D:3      | Reached XP level 7. HP: 40/47 MP: 7/7
  5314 | D:4      | Reached skill level 1 in Evocations
  5770 | D:4      | You fall into a shaft and drop 3 floors!
  5800 | D:5      | Entered Level 5 of the Dungeon
  5869 | D:5      | Reached XP level 8. HP: 46/53 MP: 9/9
  6197 | D:4      | You fall into a shaft and drop 1 floor!
  6575 | D:5      | Reached *** piety under Okawaru
  6835 | D:5      | Found a white marble altar of Elyvilon.
  6876 | D:5      | Found Fofag's Jewellery Boutique.
  6924 | D:5      | Got a steaming short sword
  6966 | D:5      | Found a glowing silver altar of Zin.
  7000 | D:5      | Found an opulent altar of Gozag.
  7005 | D:5      | Found Gozag's Platinum Reserve.
  7023 | D:5      | Found a shimmering blue altar of Sif Muna.
  7102 | D:6      | Reached skill level 1 in Shields
  7247 | D:6      | Reached XP level 9. HP: 44/60 MP: 11/11
  7685 | D:6      | Noticed Blork the orc
  7711 | D:6      | Killed Blork the orc
  7882 | D:7      | Identified the +5 short sword "Sarcophage" {pierce, Str+4}
                  | (You found it on level 5 of the Dungeon)
  8260 | D:7      | Found a bloodstained altar of Trog.
  8277 | D:7      | Found a staircase to the Ecumenical Temple.
  8530 | D:7      | Found a sacrificial altar of Ru.
  8546 | D:7      | Reached **** piety under Okawaru
  9035 | D:7      | Found a burning altar of Makhleb.
 10102 | D:8      | Found a sparkling altar of Nemelex Xobeh.
 10435 | D:9      | Reached XP level 10. HP: 64/67 MP: 12/12
 10510 | D:9      | Reached skill level 10 in Maces & Flails
 10523 | D:9      | Reached skill level 5 in Shields
 10879 | D:9      | Found Vycrel's Armour Emporium.
 10881 | D:9      | Noticed Grum
 10897 | D:9      | Reached skill level 10 in Fighting
 10913 | D:9      | Killed Grum
 10984 | D:9      | Got a scorched marble ring
 11239 | D:9      | Noticed Erica
 11266 | D:9      | Killed Erica
 11266 | D:9      | Reached ***** piety under Okawaru
 11266 | D:9      | Received a gift from Okawaru
 11581 | D:10     | Entered Level 10 of the Dungeon
 11602 | D:10     | Noticed a two-headed ogre
 11661 | D:10     | Found a staircase to the Orcish Mines.
 11761 | D:10     | Killed an unseen horror
 11978 | D:10     | Found a staircase to the Lair.
 12040 | D:10     | Identified the Almanac of Supportive Displacement
 12528 | D:10     | Reached XP level 11. HP: 73/73 MP: 13/13
 12555 | D:10     | Killed a two-headed ogre
 12787 | D:10     | Noticed a two-headed ogre
 12800 | D:10     | Killed a two-headed ogre
 12855 | D:10     | Identified the ring of the Grey Skies {*Tele *Slow rElec
                  | Str+3 Dex+2} (You found it on level 9 of the Dungeon)
 13359 | D:11     | Noticed a two-headed ogre
 13394 | D:11     | Killed a two-headed ogre
 13394 | D:11     | Received a gift from Okawaru
 13435 | D:11     | Got a heavily runed scale mail {god gift}
 13437 | D:11     | Identified the +5 scale mail "Cyrimaugg" {rC+ Str+5 Int+2}
                  | (Okawaru gifted it to you on level 11 of the Dungeon)
 13938 | D:11     | Noticed a cyclops
 13949 | D:11     | Killed a cyclops
 14111 | D:11     | Noticed a red ugly thing
 14123 | D:11     | Killed a red ugly thing
 14236 | Lair:1   | Entered Level 1 of the Lair of Beasts
 14291 | Lair:1   | Identified a scroll of acquirement
 14403 | Lair:1   | Reached XP level 12. HP: 72/81 MP: 11/14
 15316 | Lair:2   | Found a gate leading to a gauntlet.
 15354 | Gauntlet | Entered a Gauntlet
 15354 | Gauntlet | Found a transporter.
 15354 | Gauntlet | Found a transporter.
 15354 | Gauntlet | Found a transporter.
 15358 | Gauntlet | Found a transporter.
 15358 | Gauntlet | Found a transporter.
 15358 | Gauntlet | Found a transporter.
 15372 | Gauntlet | Found a transporter.
 15373 | Gauntlet | Found a transporter.
 15381 | Gauntlet | Noticed a blizzard demon
 15382 | Gauntlet | Found a transporter.
 15382 | Gauntlet | Found a transporter.
 15482 | Gauntlet | Noticed a wretched star
 15484 | Gauntlet | Found a transporter.
 15486 | Gauntlet | Found a transporter.
 15637 | Gauntlet | Gained mutation: Your magical capacity is low. (-10% MP) [a
                  | neqoxec]
 15698 | Gauntlet | Received a gift from Okawaru
 15705 | Gauntlet | Got a clouded granite ring
 15713 | Gauntlet | Identified the ring of Cyekh {EV+3 Str+4} (You found it in
                  | a Gauntlet)
 15786 | Gauntlet | Noticed a minotaur
 15793 | Gauntlet | Killed a minotaur
 15798 | Gauntlet | Identified Bosmyeb's Reference Book on Creative Attacks
 15998 | Lair:2   | Noticed a death yak
 15998 | Lair:2   | Noticed a death yak
 15998 | Lair:2   | Noticed a death yak
 15998 | Lair:2   | Noticed a death yak
 16006 | Lair:2   | Killed a death yak
 16011 | Lair:2   | Killed a death yak
 16022 | Lair:2   | Killed a death yak
 16022 | Lair:2   | Reached skill level 10 in Shields
 16033 | Lair:2   | Killed a death yak
 16879 | Lair:3   | Reached XP level 13. HP: 87/87 MP: 13/13
 16920 | Lair:3   | Noticed Rupert
 16938 | Lair:3   | Killed Rupert
 17130 | Lair:3   | Received a gift from Okawaru
 17137 | Lair:3   | Reached skill level 15 in Maces & Flails
 17143 | Lair:3   | Got a translucent hat {god gift}
 17144 | Lair:3   | Identified the -2 hat of Lojow {Dex+6 Stlth+} (Okawaru
                  | gifted it to you on level 3 of the Lair of Beasts)
 17342 | Lair:3   | Noticed Gastronok
 17357 | Lair:3   | Killed Gastronok
 17402 | Lair:3   | Found a hole to the Spider Nest.
 17446 | Lair:3   | You fall into a shaft and drop 1 floor!
 18363 | Lair:4   | Noticed Urug
 18385 | Lair:4   | Killed Urug
 18502 | Lair:4   | Found a staircase to the Swamp.
 19141 | Lair:4   | Received a gift from Okawaru
 19144 | Lair:4   | Identified the +5 flail of the First Beds {venom, *Contam
                  | rC++ Dex+7} (Okawaru gifted it to you on level 4 of the
                  | Lair of Beasts)
 19302 | Lair:5   | Got a polished mace
 19421 | Lair:5   | Gained mutation: Your large and strong wings let you fly
                  | indefinitely. [Gargoyle growth]
 19421 | Lair:5   | Reached XP level 14. HP: 95/95 MP: 14/14
 19945 | Lair:6   | Entered Level 6 of the Lair of Beasts
 20022 | Lair:6   | Received a gift from Okawaru
 20037 | Lair:6   | Got a crystal flail {god gift}
 20078 | Lair:6   | Found a staircase to the Slime Pits.
 21013 | Lair:6   | Reached ****** piety under Okawaru
 21118 | Lair:6   | Identified the +2 plate armour "Cesch" {*Slow +Fly MR+
                  | Slay+3} (You found it on level 6 of the Lair of Beasts)
 22162 | D:12     | Received a gift from Okawaru
 22162 | D:12     | Reached skill level 15 in Fighting
 22650 | D:13     | Noticed Azrael
 22659 | D:13     | Killed Azrael
 22819 | D:13     | Reached XP level 15. HP: 81/103 MP: 15/15
 22993 | D:13     | Received a gift from Okawaru
 23617 | D:14     | Noticed Nessos
 23712 | D:14     | Killed Nessos
 23712 | D:14     | Reached skill level 15 in Shields
 23859 | D:14     | Reached skill level 1 in Invocations
 24429 | D:14     | Found a gate to the Vaults.
 24811 | D:14     | Reached skill level 5 in Invocations
 25128 | D:14     | HP: 1/104 [meliai/divine providence (16)]
 25580 | D:14     | Found a runed translucent gate.
 25580 | D:14     | Identified the cursed +0 chain mail of Divine Compulsion
                  | {rN+ Stlth+}
 25580 | D:14     | Noticed an orc warlord
 25580 | D:14     | Noticed lis82's ghost (journeyman DgFE)
 25581 | D:14     | Found a runed translucent gate.
 25582 | D:14     | Found a runed translucent gate.
 25592 | D:14     | Found a roughly hewn altar of Beogh.
 25630 | D:13     | Killed lis82's ghost
 25630 | D:13     | Received a gift from Okawaru
 25915 | D:13     | Killed an orc warlord
 26161 | D:14     | Identified the +0 cloak "Xiyf" {MR+ Regen+} (You found it
                  | on level 14 of the Dungeon)
 26185 | D:14     | Found a roughly hewn altar of Beogh.
 26239 | D:14     | Found a gate to the Vaults.
 26985 | D:15     | Entered Level 15 of the Dungeon
 27083 | D:15     | Identified the Handbook of Vitriolic Good Luck
 27416 | D:15     | Found a staircase to the Depths.
 27989 | Orc:1    | Entered Level 1 of the Orcish Mines
 27989 | Orc:1    | Noticed an orc warlord
 28077 | D:10     | Killed an orc warlord
 28077 | D:10     | Received a gift from Okawaru
 28084 | D:10     | Identified the +2 eveningstar "Gurot" {crush, rC+++ MR+
                  | Str+4 Int-3} (Okawaru gifted it to you on level 10 of the
                  | Dungeon)
 28133 | Orc:1    | Noticed Erolcha
 28159 | D:10     | Killed Erolcha
 28461 | Orc:1    | Found a transporter.
 28462 | Orc:1    | Noticed topfpfpflanze's ghost (journeyman TrEE)
 28475 | Orc:1    | Found a transporter.
 28748 | Orc:1    | Killed topfpfpflanze's ghost
 28748 | Orc:1    | Reached skill level 1 in Armour
 28748 | Orc:1    | Reached XP level 16. HP: 71/112 MP: 19/19
 28818 | Orc:1    | Got a translucent ruby amulet
 28834 | Orc:1    | Got a pitted helmet
 28870 | Orc:2    | Entered Level 2 of the Orcish Mines
 29050 | Orc:2    | Found Ismeriom's Jewellery Boutique.
 29294 | Orc:2    | Found Wycost's Weapon Shoppe.
 29317 | Orc:2    | Received a gift from Okawaru
 29510 | Orc:2    | Found a staircase to the Elven Halls.
 29754 | Orc:2    | Found Beoq's Gadget Boutique.
 29760 | Orc:2    | Found Siffuf's Jewellery Boutique.
 29762 | Orc:2    | Found Yvuob's Antique Armour Shoppe.
 29933 | Orc:2    | Identified the +2 helmet of Indecent Exposure {+Inv rCorr}
                  | (You found it on level 1 of the Orcish Mines)
 30039 | Orc:2    | Got a pair of ichor-stained boots {god gift}
 30050 | Orc:2    | Identified the +0 pair of boots of the Tundras {Int+4}
                  | (Okawaru gifted it to you on level 2 of the Orcish Mines)
 30057 | Orc:2    | Found the +10 large shield of Ignorance {rN+ Int-4}
 30233 | Swamp:1  | Entered Level 1 of the Swamp
 30237 | Swamp:1  | Noticed Frances
 30249 | Swamp:1  | Killed Frances
 30461 | Swamp:1  | Noticed Josephine
 30481 | Swamp:1  | Killed Josephine
 30683 | Swamp:1  | Noticed Louise
 30697 | Swamp:1  | Cast into level 2 of the Abyss (Louise)
 30697 | Abyss:2  | Found a corrupted altar of Lugonu.
 30737 | Abyss:2  | Lost mutation: Your magical capacity is low. (-10% MP) [a
                  | neqoxec]
 30742 | Abyss:2  | Found a corrupted altar of Lugonu.
 30744 | Abyss:2  | Identified the amulet of Beogh's Envy {rPois rF+ rN+ MR+
                  | Regen+} (You found it on level 1 of the Orcish Mines)
 30772 | Abyss:2  | Found a corrupted altar of Lugonu.
 30903 | Abyss:2  | Reached skill level 5 in Armour
 31080 | Abyss:2  | Paralysed by accursed screaming for 1 turns
 31110 | Abyss:2  | Noticed a bone dragon
 31120 | Abyss:2  | Killed a bone dragon
 31173 | Abyss:2  | Gained mutation: You are robust. (+10% HP) [a neqoxec]
 31379 | Abyss:2  | Received a gift from Okawaru
 31400 | Abyss:2  | Paralysed by accursed screaming for 1 turns
 31612 | Abyss:3  | Found a corrupted altar of Lugonu.
 31679 | Swamp:1  | Escaped the Abyss
 31697 | Swamp:1  | Killed Louise
 32053 | Swamp:2  | Noticed a thorn hunter
 32078 | Swamp:2  | Killed a thorn hunter
 32243 | Swamp:2  | Reached XP level 17. HP: 121/130 MP: 23/23
 32640 | Swamp:3  | Received a gift from Okawaru
 33126 | Swamp:4  | Entered Level 4 of the Swamp
 33289 | Swamp:4  | Noticed Bai Suzhen
 33348 | Swamp:4  | Killed Bai Suzhen
 33618 | Swamp:4  | Identified the +0 pair of gloves of Space {Str+4 Dex+3}
                  | (You found it on level 4 of the Swamp)
 33687 | Swamp:4  | Noticed Aizul
 33713 | Swamp:4  | Killed Aizul
 33742 | Swamp:4  | Received a gift from Okawaru
 33798 | Swamp:4  | Got a crude eveningstar
 33805 | Swamp:4  | Noticed Kirke
 33814 | Swamp:4  | Noticed a sphinx
 33825 | Swamp:4  | Killed Kirke
 33964 | Swamp:4  | Noticed the 27-headed Lernaean hydra
 33977 | Swamp:4  | Killed the 27-headed Lernaean hydra
 34124 | Swamp:4  | Got a decaying rune of Zot
 34148 | Swamp:4  | Identified the +6 eveningstar "Feitaik" {drain, rF+ Dex+2}
                  | (You acquired it on level 4 of the Swamp)
 34478 | Spider:1 | Entered Level 1 of the Spider Nest
 34618 | Spider:1 | Reached skill level 10 in Armour
 35405 | Spider:2 | Reached XP level 18. HP: 53/140 MP: 24/24
 36648 | Spider:3 | Received a gift from Okawaru
 36672 | Spider:3 | Got a scorched hand crossbow {god gift}
 37038 | Spider:4 | Entered Level 4 of the Spider Nest
 37152 | Spider:4 | Noticed Arachne
 37176 | Spider:4 | Killed Arachne
 37912 | Spider:4 | Received a gift from Okawaru
 37949 | Spider:4 | Got a distressingly furry ring mail {god gift}
 38122 | Spider:4 | Got a gossamer rune of Zot
 38546 | Vaults:1 | Entered Level 1 of the Vaults
 38691 | Vaults:1 | Reached XP level 19. HP: 147/147 MP: 25/25
 39780 | Vaults:2 | Received a gift from Okawaru
 39788 | Vaults:2 | Got a crude hat {god gift}
 39800 | Vaults:2 | Identified the +1 hat of the Curious Friends {rN+} (Okawaru
                  | gifted it to you on level 2 of the Vaults)
 40280 | Vaults:2 | Found Elof Hic's Jewellery Emporium.
 40943 | Vaults:3 | Found a staircase to the Crypt.
 41423 | Vaults:3 | Reached XP level 20. HP: 156/156 MP: 26/26
 41612 | Vaults:3 | Received a gift from Okawaru
 41859 | Vaults:3 | Found Dashrosto's Antique Armour Emporium.
 42675 | Vaults:4 | Reached skill level 15 in Armour
 42859 | Vaults:4 | Received a gift from Okawaru
 43658 | Elf:1    | Entered Level 1 of the Elven Halls
 43703 | Elf:1    | Received a gift from Okawaru
 44091 | Elf:1    | Identified Hahitu's Incunabulum of Summoning
 44672 | Elf:1    | Got a wavering steel amulet
 44673 | Elf:1    | Identified the amulet "Zickae" {Harm *Drain rElec rPois
                  | Int-2 Dex+6} (You found it on level 1 of the Elven Halls)
 44911 | Elf:1    | Found Hiyjairy's Gadget Shop.
 44912 | Elf:1    | Found Fawibb's Jewellery Shoppe.
 44912 | Elf:1    | Found Guocvogh's Jewellery Shoppe.
 45360 | Elf:2    | Found a runed translucent gate.
 45360 | Elf:2    | Found a runed translucent gate.
 45360 | Elf:2    | Found a runed translucent gate.
 45425 | Elf:2    | Reached XP level 21. HP: 155/162 MP: 27/27
 45463 | Elf:2    | Found Oten's General Store.
 45659 | Elf:2    | Found a portal to a secret trove of treasure.
 45769 | Elf:2    | Received a gift from Okawaru
 46158 | Elf:2    | Noticed Asterion
 46168 | Elf:2    | Killed Asterion
 46424 | Elf:3    | Entered Level 3 of the Elven Halls
 47556 | Elf:3    | Received a gift from Okawaru
 47592 | Elf:3    | Identified the +10 great sword of Haacah {slice, rPois
                  | Str-2 Int+4 Dex+4}
 47592 | Elf:3    | Identified the ring "Xumme" {+Fly rElec rF+ rC- Int+5}
 47605 | Elf:3    | Identified the +9 long sword "Tynaustro" {flame, Str+4}
 47646 | Elf:3    | Identified the +2 pair of gloves of Ciysohas {rF+ Int+6}
                  | (Okawaru gifted it to you on level 3 of the Elven Halls)
 47801 | Elf:3    | Identified the Collected Works on Cloudy Arcane Weapons
 48325 | Vaults:3 | Bought the +9 scales of the Dragon King {rPois rF+ rC+ MR+}
                  | for 4742 gold pieces
 48325 | Vaults:3 | Found the +9 scales of the Dragon King {rPois rF+ rC+ MR+}
 49136 | Vaults:5 | Entered Level 5 of the Vaults
 49139 | Vaults:5 | Noticed a golden dragon
 49153 | Vaults:5 | Reached XP level 22. HP: 161/170 MP: 28/28
 49159 | Vaults:5 | Killed a golden dragon
 49265 | Vaults:4 | Received a gift from Okawaru
 49446 | Vaults:5 | Identified the +7 falchion "Ighy" {venom, SInv}
 49805 | Vaults:5 | Received a gift from Okawaru
 49828 | Vaults:5 | Identified the +1 pair of gloves "Miguedgh" {rCorr Int+2}
                  | (Okawaru gifted it to you on level 5 of the Vaults)
 49876 | Vaults:5 | Identified the +5 ring mail of Lugonu's Benevolence {+Blink
                  | rF+ Stlth+}
 50124 | Vaults:5 | Identified the +5 flail "Werr" {venom, Int+2}
 50165 | Vaults:5 | Reached XP level 23. HP: 142/177 MP: 22/29
 50465 | Vaults:5 | Received a gift from Okawaru
 50499 | Vaults:5 | Noticed an ancient lich
 50517 | Vaults:5 | Killed an ancient lich
 50664 | Vaults:5 | Noticed a golden dragon
 50685 | Vaults:5 | Killed a golden dragon
 51228 | Vaults:5 | Got a silver rune of Zot
 51510 | Vaults:5 | Identified the ring "Noekkoom" {rF+ rN+ SInv}
 51603 | Vaults:5 | Found the ring of Shadows {Umbra +Inv Stlth+}
 51703 | Vaults:5 | Upgraded the game from 0.25-a0-10-g2fe12d4386 to
                  | 0.25-a0-21-ga5a8db46c7
 51765 | Vaults:5 | Identified the cursed +0 mace "Zatiom" {freeze, rN+} (You
                  | found it on level 5 of the Vaults)
 51768 | Vaults:5 | Learned a level 1 spell: Summon Butterflies
 51771 | Vaults:5 | Learned a level 2 spell: Song of Slaying
 51774 | Vaults:5 | Learned a level 2 spell: Swiftness
 51778 | Vaults:5 | Learned a level 3 spell: Regeneration
 51976 | Depths:1 | Entered Level 1 of the Depths
 52086 | Depths:1 | Found a corrupted altar of Lugonu.
 52086 | Depths:1 | Found a one-way gate to the infinite horrors of the Abyss.
 52105 | Depths:1 | Reached skill level 1 in Charms
 52108 | Depths:1 | Reached skill level 1 in Spellcasting
 52113 | Depths:1 | Reached skill level 1 in Necromancy
 52247 | Depths:1 | Found a gateway to Hell.
 52410 | Depths:1 | Received a gift from Okawaru
 52411 | Depths:1 | Found the +2 shield of Resistance {rF+ rC+ MR+}
 52439 | Depths:1 | Identified the +8 great sword of the Ship {protect, rElec
                  | rPois Int+6 Dex+4}
 52704 | Depths:1 | Reached XP level 24. HP: 176/185 MP: 29/29
 52734 | Depths:1 | Identified Abofa's Grimoire of Transformation
 52957 | Depths:1 | Noticed a juggernaut
 52971 | Depths:1 | Killed a juggernaut
 53441 | Depths:1 | Identified the ring of Darkness {EV+1 Dex+4} (You found it
                  | on level 1 of the Depths)
 53651 | Depths:2 | Got a steaming ruby amulet
 53652 | Depths:2 | Identified the amulet "Azywej" {+Rage Int+4 SInv} (You
                  | acquired it on level 2 of the Depths)
 53862 | Depths:2 | Reached skill level 5 in Dodging
 53926 | Depths:2 | Found Fuiw's Antique Weapon Boutique.
 54070 | Depths:2 | Found Lalollej's General Store.
 54071 | Depths:2 | Found Juujent's Food Shop.
 54095 | Depths:1 | Received a gift from Okawaru
 54114 | Depths:1 | Reached skill level 5 in Charms
 54124 | Depths:1 | Reached skill level 5 in Spellcasting
 54303 | Depths:2 | Reached skill level 5 in Necromancy
 54378 | Depths:2 | Paralysed by a floating eye for 2 turns
 54393 | Depths:2 | Found Axon's Weapon Shop.
 54754 | Depths:2 | Identified the +4 scale mail of the True Pharaoh {rElec
                  | rN+} (You found it on level 2 of the Depths)
 55289 | Depths:3 | Reached XP level 25. HP: 137/193 MP: 32/33
 55598 | Depths:3 | Found a one-way gate leading to the halls of Pandemonium.
 55686 | Depths:3 | Received a gift from Okawaru
 56024 | Depths:3 | Found Vuereicy's Blood Bar.
 56319 | Depths:4 | Found a magical portal.
 56480 | WizLab   | Received a gift from Okawaru
 56597 | WizLab   | Noticed an antique lich
 56614 | WizLab   | Killed an antique lich
 56671 | WizLab   | Found the +9 sword of Zonguldrok {reap}
 57101 | Depths:4 | Noticed Margery
 57117 | Depths:4 | Killed Margery
 57816 | Depths:4 | Learned a level 2 spell: Blink
 57846 | Depths:5 | Entered Level 5 of the Depths
 57846 | Depths:5 | Found a gateway to a ziggurat.
 57898 | Depths:5 | Reached skill level 1 in Air Magic
 57902 | Depths:5 | Reached skill level 10 in Spellcasting
 57946 | Depths:5 | Received a gift from Okawaru
 57963 | Depths:5 | Identified the +1 pair of boots of the Invisible Hand {rN+
                  | Str+4 SInv} (Okawaru gifted it to you on level 5 of the
                  | Depths)
 58046 | Depths:5 | Reached XP level 26. HP: 200/200 MP: 37/37
 58215 | Depths:5 | Reached skill level 10 in Dodging
 58540 | Depths:5 | Found a gate to the Realm of Zot.
 59421 | Slime:1  | Entered Level 1 of the Pits of Slime
 59449 | Slime:1  | Reached skill level 5 in Air Magic
 59928 | Slime:4  | Received a gift from Okawaru
 59928 | Slime:4  | Reached skill level 1 in Summonings
 59928 | Slime:4  | Reached skill level 1 in Translocations
 59981 | Slime:5  | Entered Level 5 of the Pits of Slime
 59987 | Slime:5  | Paralysed by a floating eye for 3 turns
 60072 | Slime:5  | Paralysed by a floating eye for 2 turns
 60165 | Slime:5  | Noticed the Royal Jelly
 60186 | Slime:5  | Killed the Royal Jelly
 60221 | Slime:5  | Reached skill level 5 in Summonings
 60221 | Slime:5  | Reached skill level 5 in Translocations
 60625 | Slime:5  | Identified the +1 cloak of Resourcefulness {rPois rF+ Str+4
                  | Stlth+} (You found it on level 5 of the Pits of Slime)
 60640 | Slime:5  | Identified the Reference Book on Poisoning and Creation
 60647 | Slime:5  | Got a slimy rune of Zot
 60651 | Slime:5  | Identified the +6 hand crossbow "Orghauf" {flame, rF+ Int+3
                  | Dex+3} (You found it on level 5 of the Pits of Slime)
 60703 | Slime:5  | Identified the Compendium of the Jabberwock
 61483 | Zot:1    | Entered Level 1 of the Realm of Zot
 61606 | Zot:1    | Reached XP level 27. HP: 199/206 MP: 37/39
 61637 | Zot:1    | Received a gift from Okawaru
 62492 | Zot:2    | Noticed an orb of fire
 62497 | Zot:1    | Gained mutation: Scrolls take you a little longer to read.
                  | [an orb of fire]
 62501 | Zot:1    | Gained mutation: Scrolls take you longer to read. [an orb
                  | of fire]
 62513 | Zot:1    | Killed an orb of fire
 62691 | Zot:2    | Received a gift from Okawaru
 62820 | Zot:2    | Found a runed translucent door.
 62822 | Zot:2    | Found a shimmering altar of Xom.
 62822 | Zot:2    | Noticed Huxihurch's ghost (legendary HaWr)
 63056 | Zot:2    | Noticed an orb of fire
 63088 | Zot:2    | Gained mutation: Scrolls take you much longer to read. [an
                  | orb of fire]
 63111 | Zot:2    | Killed an orb of fire
 63556 | Zot:2    | Killed Huxihurch's ghost
 63641 | Zot:3    | Received a gift from Okawaru
 64478 | Zot:4    | Received a gift from Okawaru
 64494 | Zot:4    | Identified the +0 mace "Rytuse" {crush, rElec rF- Str+4
                  | Int+9} (Okawaru gifted it to you on level 4 of the Realm of
                  | Zot)
 64527 | Zot:4    | Noticed an orb of fire
 64533 | Zot:4    | Gained mutation: You have large cloven feet. [an orb of
                  | fire]
 64539 | Zot:4    | Gained mutation: Your body sometimes deteriorates upon
                  | taking damage. [an orb of fire]
 64563 | Zot:4    | Lost mutation: You are robust. (+10% HP) [an orb of fire]
 64565 | Zot:4    | Gained mutation: Your magical capacity is low. (-10% MP)
                  | [an orb of fire]
 64573 | Zot:4    | Killed an orb of fire
 64651 | Zot:4    | Lost mutation: Scrolls take you much longer to read.
                  | [potion of mutation]
 64651 | Zot:4    | Lost mutation: Your body sometimes deteriorates upon taking
                  | damage. [potion of mutation]
 64651 | Zot:4    | Lost mutation: You have large cloven feet. [potion of
                  | mutation]
 64651 | Zot:4    | Gained mutation: You occasionally shout uncontrollably at
                  | your foes. [potion of mutation]
 64651 | Zot:4    | Gained mutation: Your movements are slightly less
                  | encumbered by armour. (ER -2) [potion of mutation]
 64652 | Zot:4    | Lost mutation: You occasionally shout uncontrollably at
                  | your foes. [potion of mutation]
 64652 | Zot:4    | Lost mutation: Scrolls take you longer to read. [potion of
                  | mutation]
 64652 | Zot:4    | Lost mutation: Scrolls take you a little longer to read.
                  | [potion of mutation]
 64652 | Zot:4    | Gained mutation: Your natural rate of healing is unusually
                  | fast. [potion of mutation]
 65396 | Zot:5    | Entered Level 5 of the Realm of Zot
 65458 | Zot:5    | Reached skill level 27 in Fighting
 65826 | Zot:5    | Received a gift from Okawaru
 65984 | Zot:5    | Noticed an ancient lich
 66001 | Zot:5    | Killed an ancient lich
 66434 | Zot:5    | Noticed an orb of fire
 66487 | Zot:5    | Gained mutation: You are dopey. (Int -2) [an orb of fire]
 66497 | Zot:5    | Gained mutation: Your body sometimes deteriorates upon
                  | taking damage. [an orb of fire]
 66509 | Zot:5    | Killed an orb of fire
 66560 | Zot:5    | Noticed an ancient lich
 66568 | Zot:5    | Noticed an orb of fire
 66655 | Zot:5    | Killed an ancient lich
 66789 | Zot:5    | Lost mutation: Your body sometimes deteriorates upon taking
                  | damage. [an orb of fire]
 66808 | Zot:5    | Gained mutation: Armour fits poorly on your strangely
                  | shaped body. [an orb of fire]
 66810 | Zot:5    | Gained mutation: You are very dopey. (Int -4) [an orb of
                  | fire]
 66816 | Zot:5    | Killed an orb of fire
 66844 | Zot:5    | Lost mutation: You are very dopey. (Int -4) [potion of
                  | mutation]
 66844 | Zot:5    | Lost mutation: You are dopey. (Int -2) [potion of mutation]
 66844 | Zot:5    | Lost mutation: Armour fits poorly on your strangely shaped
                  | body. [potion of mutation]
 66844 | Zot:5    | Lost mutation: Your movements are slightly less encumbered
                  | by armour. (ER -2) [potion of mutation]
 66844 | Zot:5    | Gained mutation: You evolve. [potion of mutation]
 66844 | Zot:5    | Gained mutation: Your flesh is heat resistant. (rF+)
                  | [potion of mutation]
 66885 | Zot:5    | Received a gift from Okawaru
 66924 | Zot:5    | Reached skill level 27 in Shields
 67002 | Zot:5    | Noticed an orb of fire
 67019 | Zot:5    | Killed an orb of fire
 67019 | Zot:5    | Reached skill level 10 in Invocations
 68755 | Zot:5    | Got the Orb of Zot
 68927 | Depths:3 | Noticed Hijug the pandemonium lord
 68972 | D:15     | Noticed Dopnyri the pandemonium lord
 69209 | D:2      | Noticed Veacoakoa the pandemonium lord
 69248 | D:1      | Killed Veacoakoa the pandemonium lord
 69271 | D:$      | Escaped with the Orb!

Levels and vault maps discovered:
D:1:      nzn_arrival_water_spiral, layout_basic, solitary_fountain
D:2:      layout_rooms, uniq_robin
D:3:      layout_loops_cross, old_standard_altar, first_ration,
          chequers_ecumenical_altar_twisty, grunt_ministairs_1, okawaru_trees_2
D:4:      layout_loops_ring, chequers_temple_overflow_minitemple
D:5:      layout_rooms, elyvilon_altar_4, zin_academy,
          nicolae_overflow_crystal_walls, serial_shops, shop,
          nicolae_gozag_zags_fifth_avenue
D:6:      layout_loops_cross, lemuel_statue_altar, uniq_blork_the_orc
D:7:      layout_rooms, old_standard_altar, lightli_temple_of_fire,
          kennysheep_mini_moat, minmay_temple_entry_glassed_door
D:8:      layout_loops_cross, lemuel_doored_altar
D:9:      layout_stronghold, serial_shops, shop, uniq_erica, uniq_grum
D:10:     layout_long_grid, grunt_lair_entry_orc_guard_hut, orc_0_dummy
D:11:     layout_roguey [special_room_orc]
D:12:     layout_stronghold
D:13:     layout_basic, uniq_azrael
D:14:     layout_loops_ring, erik_vaults_2, minivault_14,
          biasface_ghost_orc_armoury, hangedman_little_slice_of_home,
          uniq_nessos
D:15:     grunt_enter_depths_snipers, layout_gridville, minmay_misc_feat_encased
Lair:1:   layout_regular_city, serial_bayou_lagoon_a
Lair:2:   layout_cave_pods, gauntlet_entry_generic
Lair:3:   layout_small_grid, spider_nest_entry_funnel_web, lemuel_fruit_tree,
          uniq_rupert, uniq_gastronok
Lair:4:   layout_roguey, minmay_swamp_entry_worms, st_stairs_6,
          beast_lair_carwin_9, uniq_urug
Lair:5:   layout_regular_city, grunt_forest_small_clearing_treed,
          infiniplex_staircase_pool
Lair:6:   grunt_lair_end_beastmaster, layout_cave_pods,
          minmay_slime_entry_pillars
Swamp:1:  layout_basic_swamp, evilmike_swamp_ruin_house_3, uniq_louise,
          uniq_josephine, uniq_frances
Swamp:2:  layout_basic_swamp, evilmike_swamp_ruin_rubble_2
Swamp:3:  layout_basic_swamp, nicolae_swamp_trees_clearing
Swamp:4:  grunt_swamp_rune_castle, layout_basic_swamp, uniq_kirke,
          uniq_bai_suzhen, uniq_aizul
Spider:1: layout_spider_delve
Spider:2: layout_spider_delve
Spider:3: layout_spider_delve
Spider:4: spider_rune_water, uniq_arachne
Slime:1:  layout_caves, nicolae_slime_phagocytosis
Slime:2:  layout_caves
Slime:3:  layout_caves
Slime:4:  layout_caves
Slime:5
Orc:1:    layout_caves, gammafunk_ghost_berserking_beasts, uniq_erolcha
Orc:2:    st_orc_elflike, layout_diamond_mine, serial_shops, nicolae_shop_stone
Elf:1:    eino_elf_arrival_sip, layout_onion_city, minmay_elf_demonology,
          minmay_shop_grove
Elf:2:    layout_onion_city, serial_shops, shop, nicolae_trove_entry_crossroad,
          grunt_ministairs_14, drop_trap, uniq_asterion
Elf:3:    minmay_elf_hall_furrowed, layout_gridlike, grunt_megastairs_2
Vaults:1: nicolae_vaults_murderbox, v_alt_pattern_2, vaults_room_large_hall,
          v_alt_pattern_1, vaults_standard_mumra_lines, v_misc_12,
          hangedman_vaults_capsules, vaults_room_octagon,
          dpeg_vaults_monster_row, layout_vaults_maze_bifur
Vaults:2: grunt_vaults_diagonal, hangedman_vaults_restitches, serial_ice_m,
          nicolae_vaults_circle_grid_a, vaults_standard_mumra_x,
          nicolae_vaults_ninety_degrees, ontoclasm_vaults_pinch,
          grunt_vaults_hallway_short, layout_vaults_omnicross, serial_shops,
          nicolae_shop_window_shopping
Vaults:3: vaults_room_hallway, hangedman_vaults_maws, v_misc_30,
          hangedman_vaults_river_flow, vaults_room_door_ring, vaults_room_boxed,
          v_misc_5, nicolae_vaults_sealed_display, layout_vaults_chaotic_city,
          dummy_crypt_entry, serial_shops, shop
Vaults:4: grunt_vaults_funnel, nicolae_vaults_know_your_exits,
          ontoclasm_vaults_gateway, v_misc_24,
          nicolae_vaults_stairing_the_circle, v_alt_pattern_1, v_misc_22,
          v_misc_28, ontoclasm_vaults_ring_small, v_misc_33,
          hangedman_vaults_snaps, v_misc_11, layout_vaults_ring
Vaults:5: serial_shops
Depths:1: minmay_the_grid_square_5x5_5x5
          [minmay_the_grid_square_5x5_hollow_slash,
          minmay_the_grid_square_5x5_two, minmay_the_grid_square_5x5_inner_v,
          minmay_the_grid_square_5x5_eight_small,
          minmay_the_grid_square_5x5_corner, minmay_the_grid_square_5x5_seven,
          minmay_the_grid_square_5x5_prize_waves,
          minmay_the_grid_square_5x5_half_checkered,
          minmay_the_grid_square_5x5_prize_deathbox,
          minmay_the_grid_square_5x5_inner_i,
          minmay_the_grid_square_5x5_two_small,
          minmay_the_grid_square_5x5_inner_z,
          minmay_the_grid_square_5x5_prize_gold,
          minmay_the_grid_square_5x5_fat_x, minmay_the_grid_square_5x5_eight,
          minmay_the_grid_square_5x5_empty,
          minmay_the_grid_square_5x5_prize_open,
          minmay_the_grid_square_5x5_shuriken,
          minmay_the_grid_square_5x5_prize_monsterx,
          minmay_the_grid_square_5x5_checkered_statues,
          minmay_the_grid_square_5x5_minimal, minmay_the_grid_square_5x5_empty,
          minmay_the_grid_square_5x5_n, minmay_the_grid_square_5x5_three,
          minmay_the_grid_square_5x5_almost_minimal], layout_cave_shapes,
          pf_coc_iceberg, abyss_entry_flame_altar, hangedman_decor_peaks_small,
          minmay_statues_item, minmay_orc_keep
Depths:2: minmay_expanding_squares, layout_gridville, pf_hell_entry_tar_spiral,
          minmay_hedge_maze, minmay_shoptagon, firewood_loft
Depths:3: minmay_slanted_spiral_squares, layout_cave_pools,
          minmay_staircase_statues, rand_demon_pan_entry_1, hell_entry,
          minmay_misc_feat_pillars, guppyfry_shop_blood
Depths:4: minmay_tri_stars, layout_cave_pools, abyss_entry_small_statue_room,
          infiniplex_enter_wizlab_glasses, moated_statue,
          pf_vacation_house_of_asmodeus, grunt_tough_drop, serial_bayou_shore_b,
          serial_bayou_shore_b, uniq_margery
Depths:5: grunt_zot_entry_tricorne, layout_gridville, enter_ziggurat_b,
          grunt_mini_vestibule, nicolae_water_bricks
Zot:1:    layout_onion, hangedman_zot_gyre
Zot:2:    layout_twisted_circle, ebering_ghost_xom
Zot:3:    layout_gridlike
Zot:4:    grunt_zot_stairs_overgrown, layout_misc_corridors
Zot:5:    layout_misc_corridors

Skill      XL: |  1  2  3  4  5  6  7  8  9 10 11 12 13 14 15 16 17 18 19 20 21 22 23 24 25 26 27 |
---------------+----------------------------------------------------------------------------------+-----
Fighting       | 4 5 6 7 8 9 10 11 12 13 15 16 17 19 20 21 22 23 27 | 27.0
Maces & Flails | 4 5 6 7 9 11 13 14 16 | 16.0
Evocations     | 2 3 |  3.1
Shields        | 1 4 6 8 10 11 14 15 16 17 18 19 20 22 25 27 | 27.0
Invocations    | 8 13 | 13.6
Armour         | 1 7 10 12 14 16 18 19 20 | 20.0
Charms         | 3 6 8 |  8.0
Spellcasting   | 3 6 10 12 | 12.0
Necromancy     | 2 6 8 |  8.0
Dodging        | 3 6 9 10 | 10.0
Air Magic      | 1 5 |  5.0
Summonings     | 6 |  6.0
Translocations | 6 7 |  7.1
Stealth        | |  2.1

Action                   |  1- 3 |  4- 6 |  7- 9 | 10-12 | 13-15 | 16-18 | 19-21 | 22-24 | 25-27 || total
-------------------------+-------+-------+-------+-------+-------+-------+-------+-------+-------++-------
Melee: Mace              |   150 |   135 |   257 |       |       |       |       |       |       ||   542
       Dagger            |       |   113 |   181 |       |       |       |       |       |       ||   294
       Flail             |       |       |   261 |   115 |       |       |       |       |       ||   376
       Morningstar       |       |       |       |   642 |  1420 |       |       |       |       ||  2062
       Staff             |       |       |       |    11 |       |       |       |       |       ||    11
       Eveningstar       |       |       |       |       |   127 |  1993 |  2007 |  1860 |  3172 ||  9159
Throw: Stone             |     6 |     5 |       |       |       |       |       |       |       ||    11
       Dart              |       |    14 |       |       |       |       |       |       |       ||    14
 Cast: Song of Slaying   |       |       |       |       |       |       |       |       |     6 ||     6
       Regeneration      |       |       |       |       |       |       |       |       |     2 ||     2
Invok: Heroism           |       |       |       |    17 |    25 |    23 |     9 |    13 |    16 ||   103
       Finesse           |       |       |       |       |       |     3 |     4 |     1 |     8 ||    16
Evoke: Wand              |       |       |    11 |     7 |     2 |     2 |     1 |       |     3 ||    26
  Use: Scroll            |       |       |    13 |    13 |    14 |    12 |    11 |    11 |    19 ||    93
       Potion            |       |       |       |       |     5 |     1 |     3 |     1 |     4 ||    14
 Stab: Sleeping          |     1 |     2 |       |       |       |       |       |       |       ||     3
       Paralysed         |       |       |       |       |     4 |       |       |       |       ||     4
       Confused          |       |       |       |       |       |     1 |       |     1 |       ||     2
  Eat: Chunk             |     3 |    11 |    21 |    19 |    33 |    20 |    32 |    16 |    19 ||   174
       Ration            |       |       |       |     1 |     2 |     4 |     2 |     1 |    11 ||    21
Armor: Robe              |    10 |       |       |       |       |       |       |       |       ||    10
       Ring mail         |    88 |    67 |       |       |       |       |       |       |       ||   155
       Chain mail        |       |    82 |   422 |   230 |       |       |       |       |       ||   734
       Scale mail        |       |       |       |   133 |   329 |   812 |   681 |       |       ||  1955
       Gold dragon scale |       |       |       |       |       |       |    18 |   652 |   927 ||  1597
Dodge: Dodged            |   137 |   143 |   225 |   175 |   758 |  1377 |   841 |   585 |   816 ||  5057
Block: Shield            |       |       |    23 |   326 |   900 |  1595 |  1387 |       |       ||  4231
       Large shield      |       |       |       |       |     4 |       |    35 |  2682 |  3649 ||  6370
       Reflection        |       |       |       |       |     1 |       |       |       |       ||     1

Table legend:
 A = Non-vault XP
 B = Vault XP
 C = Vault XP percentage of total XP
 D = Non-vault monster count
 E = Vault monster count
 F = Vault count percentage of total count
                 A         B        C        D         E       F
            +---------+---------+-------+---------+---------+-------
      Total |  887329 |  780443 |  46.8 |    1627 |     753 |  31.6
            +---------+---------+-------+---------+---------+-------
        D:1 |      33 |      22 |  40.0 |      19 |       5 |  20.8
        D:2 |     171 |      10 |   5.5 |      24 |       5 |  17.2
        D:3 |     407 |       3 |   0.7 |      32 |       2 |   5.9
        D:4 |     359 |       0 |   0.0 |      11 |       0 |   0.0
        D:5 |     981 |       0 |   0.0 |      25 |       0 |   0.0
        D:6 |     650 |      91 |  12.3 |      15 |       1 |   6.2
        D:7 |     753 |       0 |   0.0 |      23 |       0 |   0.0
        D:8 |     986 |       0 |   0.0 |      34 |       0 |   0.0
        D:9 |    1052 |    1304 |  55.3 |      15 |       4 |  21.1
       D:10 |    7706 |    1386 |  15.2 |      42 |       5 |  10.6
       D:11 |    4347 |    1379 |  24.1 |      23 |      27 |  54.0
       D:12 |    6394 |       0 |   0.0 |      34 |       0 |   0.0
       D:13 |    5097 |    8408 |  62.3 |      29 |      17 |  37.0
       D:14 |   12955 |    7455 |  36.5 |      54 |      18 |  25.0
       D:15 |    8584 |    2272 |  20.9 |      24 |       3 |  11.1
     Lair:1 |    4392 |       0 |   0.0 |      19 |       0 |   0.0
     Lair:2 |    5890 |       0 |   0.0 |      16 |       0 |   0.0
     Lair:3 |    4283 |    6439 |  60.1 |      20 |       5 |  20.0
     Lair:4 |    3559 |    6175 |  63.4 |      13 |      14 |  51.9
     Lair:5 |    5084 |       0 |   0.0 |      22 |       0 |   0.0
     Lair:6 |    8989 |    8809 |  49.5 |      28 |      22 |  44.0
    Swamp:1 |    7881 |    5770 |  42.3 |      22 |       7 |  24.1
    Swamp:2 |    8657 |       0 |   0.0 |      24 |       0 |   0.0
    Swamp:3 |    8762 |       0 |   0.0 |      23 |       0 |   0.0
    Swamp:4 |    5433 |   30249 |  84.8 |      20 |      36 |  64.3
   Spider:1 |   16386 |       0 |   0.0 |      50 |       0 |   0.0
   Spider:2 |    8155 |       0 |   0.0 |      21 |       0 |   0.0
   Spider:3 |   12980 |       0 |   0.0 |      39 |       0 |   0.0
   Spider:4 |   19339 |   27565 |  58.8 |      54 |      44 |  44.9
    Slime:1 |    8847 |    1098 |  11.0 |       8 |       4 |  33.3
    Slime:2 |    9970 |       0 |   0.0 |      15 |       0 |   0.0
    Slime:3 |    4054 |       0 |   0.0 |      10 |       0 |   0.0
    Slime:4 |   10037 |       0 |   0.0 |      16 |       0 |   0.0
    Slime:5 |   17397 |   32249 |  65.0 |      26 |      13 |  33.3
      Orc:1 |    2638 |    2624 |  49.9 |      43 |       8 |  15.7
      Orc:2 |    2982 |    9600 |  76.3 |      15 |      25 |  62.5
      Elf:1 |   17176 |    6646 |  27.9 |      28 |      12 |  30.0
      Elf:2 |    9822 |   25119 |  71.9 |      16 |      30 |  65.2
      Elf:3 |   15660 |   52860 |  77.1 |      24 |      34 |  58.6
   Vaults:1 |   12113 |   21990 |  64.5 |      26 |      32 |  55.2
   Vaults:2 |   25216 |   11217 |  30.8 |      43 |      16 |  27.1
   Vaults:3 |   16918 |   19101 |  53.0 |      25 |      27 |  51.9
   Vaults:4 |   28816 |   38510 |  57.2 |      44 |      44 |  50.0
   Vaults:5 |   42031 |  120511 |  74.1 |      69 |      83 |  54.6
   Depths:1 |   33760 |   73766 |  68.6 |      36 |      66 |  64.7
   Depths:2 |   30036 |   14402 |  32.4 |      37 |      13 |  26.0
   Depths:3 |   47851 |   22427 |  31.9 |      56 |      20 |  26.3
   Depths:4 |   35716 |   40130 |  52.9 |      39 |      31 |  44.3
   Depths:5 |   42449 |   25081 |  37.1 |      48 |      24 |  33.3
      Zot:1 |   56785 |    2897 |   4.9 |      32 |       1 |   3.0
      Zot:2 |   52472 |    7203 |  12.1 |      25 |       2 |   7.4
      Zot:3 |   50171 |       0 |   0.0 |      28 |       0 |   0.0
      Zot:4 |   60956 |     512 |   0.8 |      41 |       1 |   2.4
      Zot:5 |   51303 |  135713 |  72.6 |      27 |      38 |  58.5
    Abyss:2 |   16098 |       0 |   0.0 |      38 |       0 |   0.0
    Abyss:3 |    4456 |       0 |   0.0 |      12 |       0 |   0.0
     WizLab |   11334 |    5313 |  31.9 |      25 |       5 |  16.7
   Gauntlet |       0 |    4137 | 100.0 |       0 |       9 | 100.0
            +---------+---------+-------+---------+---------+-------
